 Dungeon Sprint DCSS version 0.30-a0-1112-gfb780f5df6 (webtiles) character file.

Game seed: 6209100576852981248

3500000 sircluck the Axe Maniac (level 20, -34/324 HPs)
             Began as a Hill Orc Berserker on Apr 19, 2023.
             Was the Champion of Trog.
             Killed by an exploding large bag of meat (38 damage)
             ... ignited by their inner flame
             ... in the Dungeon (Sprint VIII: "Arena of Blood").
             The game lasted 00:01:50 (35 turns).

sircluck the Axe Maniac (Hill Orc Berserker)          Turns: 35, Time: 00:01:50

Health: -34/324    AC:  4    Str: 29    XL:     20   Next: 46%
Magic:  18/33      EV: 22    Int:  7    God:    Trog [******]
Gold:   0          SH:  0    Dex: 10    Spells: 19/19 levels left

rFire   . . .      SeeInvis .    i - +∞ Axe of Woe
rCold   . . .      Faith    .    (shield currently unavailable)
rNeg    . . .      Spirit   .    b - +0 animal skin
rPois   .          Reflect  .    (no helmet)
rElec   .          Rampage  .    (no cloak)
rCorr   .          NoTele   +    (no gloves)
Will    +++..                    (no boots) Stlth
                                 (no amulet)
HPRegen 1.74/turn                (no ring)
MPRegen 0.23/turn                (no ring)

@: berserking, strong-willed (expiring), regenerating (expiring), very quick
A: no striking features
a: Renounce Religion, Berserk, Trog's Hand, Brothers in Arms


You were in the Dungeon.
You worshipped Trog.
Trog was exalted by your worship.
You visited 1 branch

Inventory:

Hand Weapons
 a - a +0 hand axe
 i - the +∞ Axe of Woe (weapon)
   (You found it in the Dungeon)
Armour
 b - a +0 animal skin (worn)
Scrolls
 h - a scroll of blinking
Potions
 c - a potion of curing
 d - a potion of heal wounds
 e - a potion of haste
 f - 2 potions of magic
 g - a potion of berserk rage


   Skills:
 O Level 27 Fighting
 + Level 16.5(19.3) Short Blades
 + Level 17.9(20.9) Long Blades
 O Level 27 Axes
 + Level 17.9(24.7) Maces & Flails
 + Level 17.9(24.7) Polearms
 + Level 14.4(19.4) Staves
 + Level 14.4 Ranged Weapons
 + Level 14.4 Throwing
 O Level 27 Armour
 O Level 27 Dodging
 + Level 14.4 Stealth
 + Level 17.0 Shields
 + Level 17.0 Unarmed Combat
 + Level 19.9 Invocations
 + Level 15.7 Evocations


You had 19 spell levels left.
You didn't know any spells.
Your spell library was empty.

Dungeon Overview and Level Annotations

Branches:
Dungeon (1/1)

Altars:
Makhleb


Message History

The large bag of meat convulses!
Flame seeps out of the large bag of meat.
The large bag of meat convulses!
Flame seeps out of the large bag of meat.
The meat berserker convulses!
The bag of meat convulses! x3
Your body is wracked with pain!
* * * LOW HITPOINT WARNING * * *
The large bag of meat convulses!
Flame seeps out of the large bag of meat.
You hear a shout!
Your Shields skill increases to level 17!
Your Unarmed Combat skill increases to level 17!
The destroyer appears out of thin air!
A destroyer comes into view. It is wielding a +9 heavy great sword.
You hear a shout! x2
The large bag of meat is engulfed in blazing flames. x2
A bag of meat comes into view. It is wielding a +9 war axe. x3
The bag of meat hits you with a +9 war axe!!
* * * LOW HITPOINT WARNING * * *
The large bag of meat is engulfed in blazing flames.
You hear a shout!
The large bag of meat is engulfed in blazing flames.
A bag of meat comes into view. It is wielding a +9 war axe.
You hear a shout! x3; The bag of meat shouts!
The bag of meat shouts!
You slice the large bag of meat!!
Flame seeps out of the large bag of meat.
You pulverise the large bag of meat into a thin bloody mist.
Trog accepts your kill.
You chop the bag of meat into pieces!!!
You cleave the bag of meat in twain.
You kill the bag of meat!
Trog accepts your kill.
You slash the bag of meat!
You hew the bag of meat savagely.
You feel the power of Trog in you as your rage grows.
You kill the bag of meat!
Trog accepts your kill.
The large bag of meat explodes!
The fiery explosion engulfs the large bag of meat!!
The fiery explosion engulfs you!!!
You die...

..........#.#.
...ooo.....o...o.
....o............
#....o..°...D....
....zO.zOo..z..
..........V..
#).oV...# #..
#.))))).#
....###)..)§@§###.
.......).###○.......
.#........_OO°......
.......#...o.#......
.......#_.<._#.V....
.......#...Oo#......
.#........_.........
..o......###........
....###... ..###.


You could see an eight-headed meat hydra, 3 destroyers, 3 sculptors of flesh, 5
large bags of meat and 11 bags of meat.

Vanquished Creatures
  2 vampire knights (D)
  10 ogres (D)
  A two-headed ogre (D)
  22 orcs (D)
35 creatures vanquished.

Notes
Turn   | Place    | Note
-------+----------+-------------------------------------------
     0 | D        | Found the +∞ Axe of Woe
     0 | D        | sircluck the Hill Orc Berserker began the quest for the
                  | Orb.
     0 | D        | Reached XP level 1. HP: 19/19 MP: 1/1
     1 | D        | Noticed a bag of meat
     2 | D        | Killed a bag of meat
     2 | D        | Noticed a meat berserker
     2 | D        | Noticed a bag of meat
     2 | D        | Noticed a bag of meat
     3 | D        | Reached skill level 10 in Armour
     3 | D        | Reached XP level 2. HP: 55/55 MP: 2/2
     3 | D        | Reached XP level 3. HP: 62/62 MP: 3/3
     3 | D        | Reached XP level 4. HP: 70/70 MP: 4/4
     3 | D        | Reached XP level 5. HP: 77/77 MP: 5/5
     3 | D        | Reached XP level 6. HP: 85/85 MP: 6/6
     3 | D        | Reached XP level 7. HP: 92/92 MP: 7/7
     3 | D        | Reached XP level 8. HP: 101/101 MP: 8/8
     3 | D        | Reached XP level 9. HP: 107/107 MP: 9/9
     3 | D        | Reached XP level 10. HP: 115/115 MP: 10/10
     3 | D        | Reached XP level 11. HP: 123/123 MP: 11/11
     5 | D        | Noticed a bag of meat
     5 | D        | Noticed a bag of meat
     5 | D        | Noticed a bag of meat
     6 | D        | Noticed a meat berserker
     7 | D        | Noticed a bag of meat
     7 | D        | Noticed a bag of meat
     8 | D        | Killed a meat berserker
     8 | D        | Reached ** piety under Trog
     8 | D        | Noticed a bag of meat
     9 | D        | Reached XP level 12. HP: 143/143 MP: 12/12
     9 | D        | Noticed a meat berserker
     9 | D        | Killed a bag of meat
    10 | D        | Reached XP level 13. HP: 154/154 MP: 13/13
    10 | D        | Noticed a bag of meat
    11 | D        | Killed a meat berserker
    11 | D        | Killed a bag of meat
    11 | D        | Noticed a bag of meat
    12 | D        | Reached skill level 27 in Fighting
    12 | D        | Reached skill level 27 in Axes
    12 | D        | Reached XP level 14. HP: 104/168 MP: 14/14
    12 | D        | Killed a bag of meat
    12 | D        | Reached *** piety under Trog
    12 | D        | Noticed a bag of meat
    12 | D        | Noticed a meat berserker
    13 | D        | Reached skill level 15 in Dodging
    13 | D        | Noticed a bag of meat
    13 | D        | Noticed a meat berserker
    14 | D        | Killed a bag of meat
    15 | D        | Reached XP level 15. HP: 108/174 MP: 15/15
    15 | D        | Killed a meat berserker
    16 | D        | Reached **** piety under Trog
    17 | D        | Killed a meat berserker
    18 | D        | Reached skill level 27 in Armour
    18 | D        | Reached XP level 16. HP: 88/183 MP: 16/16
    19 | D        | Noticed a meat berserker
    20 | D        | Reached ***** piety under Trog
    21 | D        | Received a gift from Trog
    22 | D        | Reached skill level 27 in Dodging
    22 | D        | Reached XP level 17. HP: 93/191 MP: 17/17
    22 | D        | Noticed a meat berserker
    23 | D        | Killed a meat berserker
    23 | D        | Noticed a destroyer
    24 | D        | Reached skill level 5 in Staves
    24 | D        | Reached skill level 5 in Ranged Weapons
    24 | D        | Reached skill level 5 in Throwing
    24 | D        | Reached skill level 5 in Stealth
    24 | D        | Reached skill level 5 in Evocations
    24 | D        | Noticed a destroyer
    24 | D        | Noticed a large bag of meat
    24 | D        | Killed a meat berserker
    24 | D        | Noticed a large bag of meat
    24 | D        | Noticed a meat berserker
    24 | D        | Noticed a meat berserker
    25 | D        | Reached skill level 10 in Invocations
    25 | D        | Noticed a destroyer
    25 | D        | Noticed a meat berserker
    26 | D        | Noticed a large bag of meat
    27 | D        | Received a gift from Trog
    27 | D        | Killed a meat berserker
    27 | D        | Noticed a large bag of meat
    27 | D        | Noticed a large bag of meat
    28 | D        | Reached skill level 10 in Evocations
    28 | D        | Reached XP level 18. HP: 56/200 MP: 17/28
    28 | D        | Killed a destroyer
    28 | D        | Noticed an eight-headed meat hydra
    29 | D        | Reached skill level 15 in Invocations
    29 | D        | Reached XP level 19. HP: 59/207 MP: 17/30
    29 | D        | Killed a meat berserker
    29 | D        | Noticed a large bag of meat
    30 | D        | Reached ****** piety under Trog
    30 | D        | Killed a meat berserker
    30 | D        | Noticed a destroyer
    31 | D        | Reached skill level 15 in Shields
    31 | D        | Reached skill level 15 in Unarmed Combat
    31 | D        | Killed a destroyer
    31 | D        | Noticed a meat berserker
    32 | D        | Reached skill level 15 in Short Blades
    32 | D        | Reached XP level 20. HP: 64/216 MP: 17/33
    32 | D        | Killed a meat berserker
    33 | D        | Reached skill level 15 in Evocations
    33 | D        | Received a gift from Trog
    34 | D        | HP: 4/324 [bag of meat/+9 war axe (31)]
    35 | D        | Noticed a destroyer
    35 | D        | Killed a large bag of meat
    35 | D        | Killed by an exploding large bag of meat... ignited by
                  | their inner flame

Illustrated notes

Levels and vault maps discovered:
D:        meatsprint

Skill      XL: |  1  2  3  4  5  6  7  8  9 10 11 12 13 14 15 16 17 18 19 20 |
---------------+-------------------------------------------------------------+-----
Fighting       | 19 24 25 27 | 27.0
Axes           | 20 25 26 27 | 27.0
Armour         | 10 12 13 19 22 27 | 27.0
Dodging        | 7 9 14 16 23 27 | 27.0
Short Blades   | 11 12 15 16 | 16.5
Long Blades    | 12 13 17 | 17.9
Maces & Flails | 12 13 17 | 17.9
Polearms       | 12 13 17 | 17.9
Staves         | 9 11 13 14 | 14.4
Ranged Weapons | 9 11 13 14 | 14.4
Throwing       | 9 11 13 14 | 14.4
Stealth        | 9 11 13 14 | 14.4
Shields        | 11 13 16 17 | 17.0
Unarmed Combat | 11 13 16 17 | 17.0
Invocations    | 13 15 18 19 | 19.9
Evocations     | 10 12 14 15 | 15.7

Action                     |  1- 3 |  4- 6 |  7- 9 | 10-12 | 13-15 | 16-18 | 19-21 || total
---------------------------+-------+-------+-------+-------+-------+-------+-------++-------
  Melee: Executioner's axe |     1 |       |       |     2 |     6 |     6 |     6 ||    21
 Invoke: Berserk           |       |       |       |       |       |     1 |       ||     1
         Trog's Hand       |       |       |       |       |       |     1 |       ||     1

Table legend: (Time is in decaauts)
 A = Elapsed time spent in this place.
 B = Non-inter-level travel time spent in this place.
 C = Inter-level travel time spent in this place.
 D = Time resting spent in this place.
 E = Time spent auto-exploring this place.
 F = Levels seen in this place.
 G = Mean time per level.
                   A        B        C        D        E       F      G
               +--------+--------+--------+--------+--------+-----+--------+
         Total |     27 |     27 |      0 |      0 |      0 |   1 |   27.0 |
       Dungeon |     27 |     27 |      0 |      0 |      0 |   1 |   27.0 |
               +--------+--------+--------+--------+--------+-----+--------+

Top non-repeatable levels by time:
       D: 27 daAuts
